 Dungeon Crawl Stone Soup version 0.29.1-1-gd02db6906a (webtiles) character file.

Game seed: 16232498597043844317

14 raincastle the Trooper (level 2, 0/24 HPs)
             Began as a Demonspawn Abyssal Knight on Sept 16, 2022.
             Was a Believer of Lugonu.
             Slain by an endoplasm (2 damage)
             ... on level 1 of the Dungeon.
             The game lasted 00:01:02 (573 turns).

raincastle the Trooper (Demonspawn Abyssal Knight)   Turns: 573, Time: 00:01:03

Health: 0/24       AC:  3    Str: 13    XL:     2   Next: 27%
Magic:  3/3        EV: 11    Int: 11    God:    Lugonu [**....]
Gold:   30         SH:  0    Dex: 13    Spells: 1/1 levels left

rFire   . . .      SeeInvis .   a - +1 mace
rCold   . . .      Faith    .   (no shield)
rNeg    . . .      Spirit   .   b - +0 leather armour
rPois   .          Reflect  .   (no helmet)
rElec   .          Harm     .   (no cloak)
rCorr   .          Rampage  .   (no gloves)
Will    .....                   (no boots)
Stlth   +.........              (no amulet)
HPRegen 0.08/turn               (no ring)
MPRegen 0.08/turn               (no ring)

@: no status effects
A: sturdy frame 1
a: Renounce Religion, Depart the Abyss, Bend Space


You were on level 1 of the Dungeon.
You worshipped Lugonu.
Lugonu was pleased with you.
You visited 1 branch of the dungeon, and saw 1 of its levels.
You visited the Abyss 1 time.

You collected 30 gold pieces.

Inventory:

Hand Weapons
 a - a +1 mace (weapon)
Armour
 b - a +0 leather armour (worn)
Potions
 c - a potion of degeneration {unknown}


   Skills:
 + Level 3.3 Fighting
 + Level 2.1 Maces & Flails
 + Level 1.8 Armour
 + Level 0.8 Dodging
 * Level 2.6 Invocations


You had one spell level left.
You didn't know any spells.
Your spell library was empty.

Dungeon Overview and Level Annotations

Branches:
Dungeon (1/15)

Altars:


Innate Abilities, Weirdness & Mutations

Your movements are slightly less encumbered by armour. (ER -2)


Message History

The frilled lizard bites you. The frilled lizard closely misses you.
You closely miss the frilled lizard. The frilled lizard barely misses you.
You thump the frilled lizard!
You kill the frilled lizard!
Lugonu accepts your kill.
A hobgoblin comes into view.
The hobgoblin shouts!
An endoplasm comes into view.
The endoplasm quivers.
Found 3 stones.
A rat comes into view.
A quokka comes into view.
The hobgoblin hits you.
You hit the hobgoblin but do no damage.
A hobgoblin comes into view.
The endoplasm freezes you.
You are frozen.
The hobgoblin barely misses you. The hobgoblin misses you.
The endoplasm freezes you.
You are frozen.
The hobgoblin moves out of view.
You hit the hobgoblin.
The hobgoblin is almost dead.
The hobgoblin barely misses you. The endoplasm freezes you.
You are frozen.
You closely miss the hobgoblin.
The hobgoblin is almost dead.
The hobgoblin barely misses you. The endoplasm freezes you.
You are frozen.
The hobgoblin closely misses you. The rat bites you but does no damage.
The rat attacks as you move away! The rat barely misses you.
The hobgoblin attacks as you move away! The hobgoblin barely misses you.
The endoplasm barely misses you. The rat attacks as you move away!
The rat bites you.
* * * LOW HITPOINT WARNING * * *
The hobgoblin closely misses you. The rat bites you.
* * * LOW HITPOINT WARNING * * *
The hobgoblin attacks as you move away! The hobgoblin barely misses you.
The endoplasm hits you.
You die...

#....# ....
.#......... .#####
...##.......#.#
.....### ..(
.........# ####...####
#.#.##........#
#.........#
.............
#.##......#
#.#..........
#.##......#
#.#..........
#.##......#
#.#J.r.###...
#.##......# #.@g...#
#.##......# #..r...#
#.##.......####......#
#.#######.......#....#
#.# #..>....###### #.#
####.#### #.# #.# ..#
#.# ### #.#


You could see an endoplasm, a quokka, a hobgoblin and a rat.

Vanquished Creatures
  A dart slug (D:1)
  3 bats (D:1)
  An endoplasm (D:1)
  3 hobgoblins (D:1)
  A quokka (D:1)
  A frilled lizard (D:1)
10 creatures vanquished.

Notes
Turn   | Place    | Note
-------+----------+-------------------------------------------
     0 | Abyss:1  | raincastle the Demonspawn Abyssal Knight began the quest
                  | for the Orb.
     0 | Abyss:1  | Reached XP level 1. HP: 18/18 MP: 2/2
     1 | D:1      | Escaped the Abyss
   263 | D:1      | Gained mutation: Your movements are slightly less
                  | encumbered by armour. (ER -2) [demonic ancestry]
   263 | D:1      | Reached XP level 2. HP: 24/24 MP: 3/3
   573 | D:1      | Slain by an endoplasm

Illustrated notes

Levels and vault maps discovered:
D:1:      nzn_arrival_settlement, layout_basic,
          shapermc_ecumenical_altar_rom_forum

Skill      XL: |  1 |
---------------+----+-----
Maces & Flails | 2 |  2.1
Fighting       | |  3.3
Armour         | |  1.8
Dodging        | |  0.8
Invocations    | |  2.6

Action                   || total
-------------------------++-------
Melee: Mace              ||    39
       Punch             ||     1
Armor: Leather armour    ||    17
Dodge: Dodged            ||    51
